 Dungeon Crawl Stone Soup version 0.23.2-1-ga50397a6bc (webtiles) character file.

Game seed: 16312005011557282847

86 Banto the Skirmisher (level 4, -4/38 HPs)
             Began as a Demigod Wanderer on May 17, 2019.
             Slain by an orc priest
             ... wielding a +0 flail
              (6 damage)
             ... on level 2 of the Dungeon.
             The game lasted 00:02:33 (2888 turns).

Banto the Skirmisher (Demigod Wanderer)             Turns: 2888, Time: 00:02:33

Health: -4/38      AC:  5    Str: 18    XL:     4   Next: 5%
Magic:  9/9        EV: 12    Int: 16    God:
Gold:   129        SH:  0    Dex: 14    Spells: 6/6 levels left

rFire    . . .     SeeInvis .   c - +0 long sword
rCold    . . .     Gourm    .   (no shield)
rNeg     . . .     Faith    .   n - +0 ring mail
rPois    .         Spirit   .   (no helmet)
rElec    .         Reflect  .   (no cloak)
rCorr    .         Harm     .   (no gloves)
MR       .....                  (no boots)
Stlth    +.........             (no amulet)
HPRegen  0.12/turn              (no ring)
MPRegen  0.11/turn              (no ring)

@: no status effects
A: high mp 1
a: no special abilities


You were on level 2 of the Dungeon.
You were not hungry.

You visited 1 branch of the dungeon, and saw 3 of its levels.

You collected 129 gold pieces.

Inventory:

Hand Weapons
 a - a +2 shortbow
 c - a +0 long sword (weapon)
Missiles
 o - 24 arrows
Armour
 n - a +0 ring mail (worn)
Scrolls
 g - a scroll of remove curse {unknown}
 h - 2 scrolls of identify {unknown}
 i - a scroll of teleportation {unknown}
 j - a scroll of immolation {unknown}
 m - a scroll of random uselessness {unknown}
Potions
 d - 2 potions of brilliance {unknown}
 k - a potion of degeneration {unknown}
 l - 2 potions of might {unknown}
Comestibles
 b - 2 chunks of flesh
 f - 2 rations


   Skills:
 + Level 3.2 Fighting
 - Level 1.7 Bows
 - Level 1.0 Throwing
 - Level 1.0 Armour
 + Level 2.4 Dodging
   Level 1.0 Shields
 - Level 1.7 Spellcasting
   Level 1.0 Air Magic


You had 6 spell levels left.
You didn't know any spells.
Your spell library contained the following spells:

 Spells                   Type           Power        Failure   Level  Hunger
 Confusing Touch          Hex            #.....       36%         1    ##.....
 Confuse                  Hex            #.......     75%         3    ####...
 Gell's Gravitas          Tloc           #.........   75%         3    ####...
 Petrify                  Tmut/Erth      #.......     98%         4    #####..
 Metabolic Englaciation   Hex/Ice        #.........   100%        5    ######.
 Yara's Violent Unravell  Hex/Tmut       #.........   100%        5    ######.


Dungeon Overview and Level Annotations

Branches:
Dungeon (3/15)


Innate Abilities, Weirdness & Mutations

You have an increased reservoir of magic. (+10% MP)


Message History

The orc priest is heavily wounded.
The orc priest miscasts a cantrip.
You are too injured to fight recklessly!
You hit the orc priest but do no damage.
The orc priest is heavily wounded.
The orc priest hits you with a +0 flail.
You are too injured to fight recklessly!
You barely miss the orc priest.
The orc priest is heavily wounded.
The orc priest hits you with a +0 flail.
* * * LOW HITPOINT WARNING * * *
You hit the orc priest.
The orc priest is severely wounded.
The orc priest hits you with a +0 flail.
* * * LOW HITPOINT WARNING * * *
The orc priest barely misses you.
You closely miss the orc priest.
The orc priest is severely wounded.
The orc priest hits you with a +0 flail.
You die...

.....##.......#.#....'......#.##.
.....'...............#####..#.##.
.....####.#####.#........#..#.##.
.....# ##'### #.###..#.###..#.##.
####.# #....# #.# #..#.# #..#.##.
#.# #....###.# ##.#.# #..#.##.
#.# #......#.# #.#.# #..#.##.
####.########.#o####.#.###..#.##.
................@......#.#..#.##.
####.########.#)####...#....#....
#............####...#.#.#####.
######..........##..#.#<......
#...#...#...##..#.#.######
#..###)###..##..#.#.# #####
#...#...#.........#.# #...#
#....._....####...#.###### #...#
#...#...#..##.............


You could see an orc priest.

Vanquished Creatures
  3 adders (D:2)
  A worm (D:2)
  4 dart slugs
  3 orcs (D:2)
  2 bats (D:2)
  3 giant cockroaches
  3 goblins
  7 hobgoblins
  6 jackals
  2 kobolds (D:2)
  A quokka (D:2)
  4 frilled lizards
  4 rats
43 creatures vanquished.

Notes
Turn   | Place    | Note
-------+----------+-------------------------------------------
     0 | D:1      | Banto the Demigod Wanderer began the quest for the Orb.
     0 | D:1      | Banto set off with the following items: a +2 shortbow, 20
                  | arrows, a potion of curing, a +0 shield, a +0 robe, a
                  | ration
     0 | D:1      | Reached XP level 1. HP: 17/17 MP: 5/5
   261 | D:1      | Reached skill level 2 in Fighting
   348 | D:1      | Reached skill level 1 in Dodging
   348 | D:1      | Reached XP level 2. HP: 24/24 MP: 7/7
  1015 | D:2      | Found a radiant altar of Vehumet.
  1276 | D:2      | Reached XP level 3. HP: 27/30 MP: 8/8
  1813 | D:2      | Found a shimmering altar of Xom.
  1908 | D:2      | Reached skill level 3 in Fighting
  2705 | D:2      | Reached XP level 4. HP: 35/38 MP: 9/9
  2888 | D:2      | Slain by an orc priest

Skill      XL: |  1  2  3 |
---------------+----------+-----
Fighting       | 2 3 |  3.2
Dodging        | 1 2 |  2.4
Bows           | |  1.7
Throwing       | |  1.0
Armour         | |  1.0
Shields        | |  1.0
Spellcasting   | |  1.7
Air Magic      | |  1.0

Action                   |  1- 3 |  4- 6 || total
-------------------------+-------+-------++-------
Melee: Spear             |    36 |       ||    36
       Unarmed           |    28 |       ||    28
       Long sword        |     4 |    32 ||    36
 Fire: Shortbow          |    83 |       ||    83
  Use: Potion            |     2 |       ||     2
  Eat: Chunk             |     4 |     2 ||     6
Armor: Robe              |    12 |       ||    12
       Ring mail         |    11 |    11 ||    22
Dodge: Dodged            |    64 |    15 ||    79
       Rpst.: Long sword |       |     1 ||     1
